 Dungeon Crawl Stone Soup version 0.30-a0-571-gdf30a72648 (webtiles) character file.

Game seed: 6964047029878335616

41 bmack86 the Trooper (level 3, -3/33 HPs)
             Began as a Minotaur Fighter on Dec 29, 2022.
             Killed by nerve-wracking pain
             ... invoked by an orc priest
              (10 damage)
             ... on level 2 of the Dungeon.
             The game lasted 00:02:46 (654 turns).

bmack86 the Trooper (Minotaur Fighter)               Turns: 654, Time: 00:02:46

Health: -3/33      AC:  8    Str: 22    XL:     3   Next: 32%
Magic:  2/2        EV:  9    Int:  5    God:
Gold:   74         SH:  4    Dex:  9    Spells: 2/2 levels left

rFire   . . .      SeeInvis .    a - +0 war axe
rCold   . . .      Faith    .    c - +0 buckler
rNeg    . . .      Spirit   .    b - +0 scale mail
rPois   .          Reflect  .    (helmet restricted)
rElec   .          Harm     .    (no cloak)
rCorr   .          Rampage  .    f - +0 pair of gloves
Will    .....                    (no boots) Stlth
                                 (no amulet)
HPRegen 0.25/turn                (no ring)
MPRegen 0.08/turn                (no ring)

@: no status effects
A: horns 2, retaliatory headbutt
a: no special abilities


You were on level 2 of the Dungeon.
You visited 1 branch of the dungeon, and saw 2 of its levels.

You collected 74 gold pieces.

Inventory:

Hand Weapons
 a - a +0 war axe (weapon)
Missiles
 i - 4 boomerangs (quivered)
Armour
 b - a +0 scale mail (worn)
 c - a +0 buckler (worn)
 f - a +0 pair of gloves (worn)
Scrolls
 e - a scroll of fog
Potions
 d - a potion of might
 g - a potion of haste
 h - a potion of brilliance
 j - a potion of lignification {unknown}


   Skills:
 + Level 4.0 Fighting
 * Level 3.3 Axes
 + Level 0.4 Throwing
 + Level 4.0 Armour
 + Level 4.0 Shields


You had 2 spell levels left.
You didn't know any spells.
Your spell library was empty.

Dungeon Overview and Level Annotations

Branches:
Dungeon (2/15)

Altars:


Innate Abilities, Weirdness & Mutations

You have a pair of horns on your head.
You reflexively headbutt those who attack you in melee.


Message History

The ball python attacks as you move away!
The ball python barely misses you. x2
You slash the ball python!
You kill the ball python!
You closely miss the jackal. You block the jackal's attack.
The jackal barely misses you. You furiously retaliate!
You headbutt the jackal!
You kill the jackal!
Your Shields skill increases to level 4!
You slash the orc!
You kill the orc!
You closely miss the orc. The orc closely misses you.
The orc hits you with a +0 hand axe. The orc priest closely misses you.
The orc closely misses you. You furiously retaliate!
You headbutt the orc!
You kill the orc!
Items here: ) [ ††.
The orc priest hits you but does no damage.
The orc priest barely misses you.
You hear some strange, mumbled words.
You are confused.
The orc priest attacks as you move away!
The orc priest hits you with a +0 club.
The orc priest calls down the wrath of Beogh upon you.
Something writhes in agony!
You hear some strange, mumbled words.
Something tries to affect you, but you resist.
You barely miss something. You barely miss the orc. You hit the orc priest.
The orc closely misses you.
The orc priest hits you but does no damage.
Something hits you but does no damage.
The orc priest attacks as you move away!
The orc priest hits you with a +0 flail!
The orc priest invokes the aid of Beogh against you.
Beogh smites you!
* * * LOW HITPOINT WARNING * * *
Something hits you.
* * * LOW HITPOINT WARNING * * *
You feel less confused.
The orc priest calls down the wrath of Beogh upon you.
Pain shoots through your body!
You die...

##..###### ..... .# ....#
## ...###.## ....# ####.
.... ...# ....# #.....
#..##.#.#### ....#
#.....###.....#.#... ....#
#.......#..#...... ....#
#.....#.....).#.# ..###
#...............# ##.
.############.#.@....##....
.......######†#...o........
..####.##[...#..)o{..#####
....##.##...#.##.).........
#.#...............o...#...#
#.####...........##........
#.........>...#####........
#########...### #........
#...# #>..#...#


You could see 2 orc priests and an orc.

Vanquished Creatures
  An adder (D:2)
  A worm (D:2)
  2 orcs (D:2)
  2 endoplasms
  A giant cockroach (D:1)
  3 goblins
  3 hobgoblins (D:1)
  2 jackals (D:2)
  4 kobolds
  A ball python (D:2)
  2 frilled lizards (D:1)
  3 rats (D:1)
25 creatures vanquished.

Notes
Turn   | Place    | Note
-------+----------+-------------------------------------------
     0 | D:1      | bmack86 the Minotaur Fighter began the quest for the Orb.
     0 | D:1      | Reached XP level 1. HP: 19/19 MP: 0/0
   177 | D:1      | Reached XP level 2. HP: 27/27 MP: 1/1
   628 | D:2      | Reached XP level 3. HP: 28/33 MP: 2/2
   654 | D:2      | Killed from afar by an orc priest

Illustrated notes

Levels and vault maps discovered:
D:1:      minmay_arrival_doors, layout_rooms, minmay_misc_feat_x
D:2:      cheibrodos_pilgrimage, layout_loops_cross, uniq_terence

Skill      XL: |  1  2  3 |
---------------+----------+-----
Axes           | 3 |  3.3
Fighting       | 4 |  4.0
Armour         | 4 |  4.0
Shields        | 4 |  4.0
Throwing       | |  0.4

Action                   || total
-------------------------++-------
Melee: War axe           ||    47
       Headbutt          ||     2
  Use: Scroll            ||     3
Armor: Scale mail        ||    24
Dodge: Dodged            ||    29
Block: Buckler           ||    12

Table legend: (Time is in decaauts)
 A = Elapsed time spent in this place.
 B = Non-inter-level travel time spent in this place.
 C = Inter-level travel time spent in this place.
 D = Time resting spent in this place.
 E = Time spent auto-exploring this place.
 F = Levels seen in this place.
 G = Mean time per level.
                   A        B        C        D        E       F      G
               +--------+--------+--------+--------+--------+-----+--------+
         Total |    672 |    644 |     28 |      0 |    299 |   2 |  336.0 |
       Dungeon |    672 |    644 |     28 |      0 |    299 |   2 |  336.0 |
               +--------+--------+--------+--------+--------+-----+--------+

Top non-repeatable levels by time:
     D:1: 560 daAuts
     D:2: 112 daAuts
